 Dungeon Crawl Stone Soup version 0.30-a0-800-g7c544603b3 (webtiles) character file.

Game seed: 5429317179092037337

1648700 iguanaiguana the Mummy Blade (level 26, 173/186 HPs)
             Began as a Mummy Reaver on Feb 22, 2023.
             Was the Champion of Hepliaklqana.
             Escaped with the Orb
             ... and 3 runes on Feb 23, 2023!
             The game lasted 04:10:19 (70660 turns).

iguanaiguana the Mummy Blade (Mummy Reaver)        Turns: 70660, Time: 04:10:19

Health: 173/186    AC: 38    Str: 22      XL:     26   Next: 25%
Magic:  43/43      EV: 11    Int: 23      God:    Hepliaklqana [******]
Gold:   1992       SH: 28    Dex: 20 (21) Spells: 24/58 levels left

rFire   + + .      SeeInvis .    a - +9 demon blade (drain)
rCold   + . .      Faith    +    w - +7 tower shield of List {Will+}
rNeg    + + +      Spirit   .    H - +13 chain mail "Ulixeloj" {Contam rElec Int+4}
rPois   ∞          Reflect  .    x - +2 hood of the Assassin {Detect Stab+ Stlth++}
rElec   +          Harm     .    h - +2 cloak {Stlth+}
rCorr   .          Rampage  .    m - +2 pair of gloves
Will    +++++                    t - +2 pair of boots {Fly}
Stlth   +                        P - amulet "Jiasiro" {RegenMP rF+ Will+}
HPRegen 0.51/turn                K - ring of protection from fire
MPRegen 0.68/turn                z - ring of the Invisible Knives {rF+ Str+6 Int+2 Dex+4}

@: flying
A: reduced essence, cold resistance 1, negative energy resistance 3, torment
resistance 2, heat vulnerability 1, in touch with death 2, no potions, faith
0: Orb of Zot
}: 3/15 runes: decaying, serpentine, slimy
a: Renounce Religion, Recall Ancestor, Ancestor Identity, Transference, Idealise


You escaped.
You worshipped Hepliaklqana.
Hepliaklqana was exalted by your worship.
You visited 12 branches of the dungeon, and saw 55 of its levels.
You also visited: Trove, Gauntlet, Wizlab and Desolation.

You collected 6922 gold pieces.
You spent 4930 gold pieces at shops.

Inventory:

Hand Weapons
 a - a +9 demon blade of draining (weapon)
 b - the +11 Singing Sword {sonic wave}
   (You took it off a deep elf pyromancer on level 3 of the Elven Halls)
Missiles
 c - 5 poisoned darts
 j - 5 boomerangs
 k - 10 curare-tipped darts
 r - 7 atropa-tipped darts
Armour
 h - a +2 cloak of stealth (worn)
 m - a +2 pair of gloves (worn)
 t - a +2 pair of boots of flying (worn)
 w - the +7 tower shield of List (worn) {Will+}
   (You found it in a treasure trove)

   Will:      It increases your willpower.
 x - the +2 hood of the Assassin (worn) {Detect Stab+ Stlth++}
   (You bought it in a shop on level 1 of the Snake Pit)

   Detect:    It allows the wearer to sense nearby creatures.
   Stab+:     It allows the wearer to make particularly effective stabbing
   attacks against helpless or unaware enemies with any weapon.
   Stlth:     It makes you much more stealthy.
 H - the +13 chain mail "Ulixeloj" (worn) {Contam rElec Int+4}
   (You bought it in a shop on level 10 of the Dungeon)

   Int:       It affects your intelligence (+4).
   rElec:     It insulates you from electricity.
   Contam:    It causes magical contamination when unequipped.
Jewellery
 g - the ring of the Falcon {rC+ rN+}
   (You found it in a treasure trove)

   [ring of positive energy]

   rC:        It protects you from cold.
   rN:        It protects you from negative energy.
 i - a ring of see invisible
 y - the ring "Libb" {Will++ Str+6}
   (You took it off a deep elf death mage on level 3 of the Elven Halls)

   [ring of strength]

   Str:       It affects your strength (+6).
   Will:      It greatly increases your willpower.
 z - the ring of the Invisible Knives (right hand) {rF+ Str+6 Int+2 Dex+4}
   (You found it in a treasure trove)

   [ring of strength]

   Str:       It affects your strength (+6).
   Int:       It affects your intelligence (+2).
   Dex:       It affects your dexterity (+4).
   rF:        It protects you from fire.
 C - the ring "Sekooq" {Wiz MP+9 SInv}
   (You took it off a servant of whispers in the Desolation of Salt)

   [ring of wizardry]

   It improves your spell success rate.
   MP:        It affects your magic capacity (+9).
   SInv:      It lets you see invisible.
 F - the ring of Linearity {rCorr Dex+4}
   (You bought it in a shop on level 1 of the Snake Pit)

   [ring of resist corrosion]

   Dex:       It affects your dexterity (+4).
   rCorr:     It protects you from acid and corrosion.
 K - a ring of protection from fire (left hand)
 P - the amulet "Jiasiro" (around neck) {RegenMP rF+ Will+}
   (You found it on level 5 of the Lair of Beasts)

   [amulet of magic regeneration]

   It increases your rate of magic regeneration.
   rF:        It protects you from fire.
   Will:      It increases your willpower.
Wands
 o - a wand of digging (3) {@v3}
 p - a wand of polymorph (33)
 q - a wand of quicksilver (22)
 A - a wand of flame (88)
 B - a wand of paralysis (26)
 D - a wand of mindburst (41)
 X - a wand of iceblast (12) {@v2}
Scrolls
 f - 17 scrolls of teleportation {@r3}
 n - a scroll of brand weapon
 u - 7 scrolls of fog
 v - 12 scrolls of noise
 I - 2 scrolls of torment
 J - 13 scrolls of vulnerability
 M - 2 scrolls of silence
 N - 10 scrolls of poison
 O - 10 scrolls of immolation
 R - 8 scrolls of enchant armour
 T - a scroll of fear
Miscellaneous
 e - a phantom mirror (inert)
 l - a box of beasts
 L - a tin of tremorstones (2/2)
 S - a condenser vane
 V - a lightning rod (4/4)
 Y - a phial of floods


   Skills:
 - Level 16.8 Fighting
 - Level 2.9(14.1) Short Blades
 - Level 21.0(21.1) Long Blades
 - Level 6.1 Polearms
 - Level 12.0 Throwing
 - Level 12.9 Armour
 + Level 7.5 Dodging
 - Level 2.1 Stealth
 - Level 16.0 Shields
 - Level 16.6 Spellcasting
 - Level 2.5 Conjurations
 - Level 17.9 Necromancy
 - Level 10.0 Earth Magic
 - Level 10.0 Invocations
 - Level 8.0 Evocations


You had 24 spell levels left.
You knew the following spells:

 Your Spells              Type           Power      Damage    Failure   Level
a - Vampiric Draining     Necr           100%       2d13      1%          3
b - Borgnjor's Vile Clut  Necr/Erth      56%        N/A       4%          5
c - Death Channel         Necr           61%        N/A       4%          6
d - Anguish               Hex/Necr       47%        N/A       12%         4
e - Cigotuvi's Dreadful   Necr/Pois/Air  100%       N/A       6%          2
f - Passwall              Tmut/Erth      35%        N/A       10%         2
g - Lee's Rapid Deconstr  Erth           30%        3d16*     22%         5
h - Blink                 Tloc           38%        N/A       58%         2
i - Kiss of Death         Conj/Necr      100%       2d13      1%          1
j - Dispel Undead         Necr           100%       3d31      1%          4

Your spell library contained the following spells:

 Spells                   Type           Power      Damage    Failure   Level
 Sandblast                Erth           100%       2d20      1%          1
 Animate Dead             Necr           100%       N/A       1%          4
 Stone Arrow              Conj/Erth      94%        3d12      11%         3
 Magic Dart               Conj           100%       1d8       17%         1
 Foxfire                  Conj/Fire      96%        2x1d8     28%         1
 Momentum Strike          Conj/Tloc      48%        3d9       41%         2
 Slow                     Hex            76%        N/A       45%         1
 Leda's Liquefaction      Hex/Erth       21%        N/A       54%         4
 Call Imp                 Summ           19%        N/A       58%         2
 Ensorcelled Hibernation  Hex/Ice        38%        N/A       58%         2
 Lesser Beckoning         Tloc           38%        N/A       58%         2
 Poisonous Vapours        Pois/Air       38%        N/A       58%         2
 Dazzling Flash           Conj/Hex       48%        N/A       65%         3
 Hailstorm                Conj/Ice       24%        3d7       65%         3
 Mephitic Cloud           Conj/Pois/Air  23%        N/A       71%         3
 Call Canine Familiar     Summ           19%        N/A       83%         3
 Confusing Touch          Hex            19%        N/A       83%         3
 Frozen Ramparts          Ice            38%        1d6       83%         3
 Gell's Gravitas          Tloc           19%        N/A       83%         3
 Ignite Poison            Fire/Tmut/Pois 19%        N/A       83%         3
 Inner Flame              Hex/Fire       19%        N/A       83%         3
 Ozocubu's Armour         Ice            19%        N/A       83%         3
 Portal Projectile        Hex/Tloc       38%        N/A       83%         3
 Summon Guardian Golem    Hex/Summ       19%        N/A       83%         3
 Swiftness                Air            19%        N/A       83%         3
 Teleport Other           Tloc           19%        N/A       83%         3
 Tukima's Dance           Hex            19%        N/A       83%         3
 Infestation              Necr           61%        N/A       90%         8
 Iskenderun's Mystic Bla  Conj/Tloc      24%        2d7       96%         4
 Sticky Flame             Conj/Fire      24%        2d5       96%         4
 Cause Fear               Hex            9%         N/A       99%         4
 Passage of Golubria      Tloc           19%        N/A       99%         4
 Fireball                 Conj/Fire      12%        3d7       100%        5
 Summon Forest            Summ/Tloc      9%         N/A       100%        5
 Summon Mana Viper        Hex/Summ       19%        N/A       100%        5
 Yara's Violent Unravell  Hex/Tmut       9%         3d6       100%        5
 Eringya's Noxious Bog    Tmut/Pois      9%         N/A       100%        6
 Starburst                Conj/Fire      12%        6d5       100%        6
 Summon Cactus Giant      Summ           9%         N/A       100%        6
 Haunt                    Necr/Summ      47%        N/A       100%        7
 Ozocubu's Refrigeration  Ice            9%         4d9       100%        7
 Summon Hydra             Summ           9%         N/A       100%        7
 Discord                  Hex            9%         N/A       100%        8
 Ignition                 Fire           9%         3d5       100%        8
 Dragon's Call            Summ           9%         N/A       100%        9
 Sublimation of Blood     Necr           Unusable   N/A       N/A         2
 Spider Form              Tmut/Pois      Unusable   N/A       N/A         3
 Blade Hands              Tmut           Unusable   N/A       N/A         5
 Statue Form              Tmut/Erth      Unusable   N/A       N/A         6
 Dragon Form              Tmut           Unusable   N/A       N/A         7
 Death's Door             Necr           Unusable   N/A       N/A         9

Dungeon Overview and Level Annotations

Branches:
Dungeon (15/15)            Temple (1/1) D:7            Lair (5/5) D:9
  Swamp (4/4) Lair:3        Snake (4/4) Lair:3        Slime (5/5) Lair:4
    Orc (2/2) D:10            Elf (3/3) Orc:2        Vaults (4/5) D:13
  Crypt (3/3) Vaults:2       Tomb (0/3) Crypt:3      Depths (4/4) D:15
    Zot (5/5) Depths:4     WizLab (visited)         Desolation (visited)
Gauntlet (visited)

Altars:
Ashenzari
Cheibriados
Dithmenos
Fedhas
Gozag
Hepliaklqana
Kikubaaqudgha
Makhleb
Nemelex Xobeh
Okawaru
Qazlal
Ru
Sif Muna
Trog
Uskayaw
Vehumet
Wu Jian
Xom
Yredelemnul
Jiyva

Shops:
D:1 !   D:6 (   D:10 [   D:15 ?   Orc:2 (?*!   Snake:1 *[*(   Snake:3 *
Vaults:1 !   Vaults:3 *   Vaults:4 ?*[   Depths:1 =::*   Depths:3 [
Depths:4 *

Portals:
Hell: Depths:1 Depths:2 Depths:3 Depths:4
Abyss: Depths:3 Depths:4
Pandemonium: Depths:2
Ziggurat: Depths:3

Annotations:
Snake:1 exclusion: 2 downstairs
Snake:2 Azrael
Slime:5 1 exclusion
Elf:1 Roxanne
Crypt:2 2 runed translucent doors, exclusion: 2 doors, Zivuv's ghost, veteran FoFi
Zot:2 exclusions: 4 doors and downstairs
Zot:3 exclusion: hellion
Zot:5 1 runed translucent door, exclusions: door and 1 more exclusion, Wefy's ghost, legendary GnIE


Innate Abilities, Weirdness & Mutations

Your life essence is reduced to manifest your ancestor. (-10% HP)
You are immune to poison.
Your flesh is cold resistant. (rC+)
You are immune to negative energy. (rN+++)
You are immune to unholy pain and torment.
You are vulnerable to heat. (rF-)
You are strongly in touch with the powers of death.
You do not drink.
You have a special connection with the divine. (Faith)


Message History

Press: ? - help, Dir - move target, f/p - Murent
Aim: Murent (lightly wounded, surrounded by flames, constricted by zombie hands, magic disrupted)
The floor.
The zombie hands lose their grip on Murent.
Murent swaps with Valaderp!
Murent is drained by nostalgia.
Murent is engulfed in blazing flames.
Murent falters for a moment.
Valaderp misses Murent.
Valaderp completely misses Murent.
Murent hits Valaderp!!
Valaderp looks weaker.
Valaderp casts a spell.
Murent resists with almost no effort.
Aiming: Borgnjor's Vile Clutch (mildly dangerous; 4% risk of failure)
Press: ? - help, Q - select action, (/) - cycle Shift-Dir - straight line, f/p - Murent
Aim: Murent (lightly wounded, surrounded by flames, lightly drained, magic disrupted, 100% to hit)
You feel a strong surge of power! Valaderp avoids your attack.
Zombie hands grab Murent.
Your surroundings suddenly seem different.
The zombie hands lose their grip on something. x2
Okay, then.
Unknown command.
Unknown command.
Unknown command.
Valaderp is recalled.
Aiming: Dig
Press: ? - help, Shift-Dir - straight line A rock wall.
This square is covered in magical glow.
The rock shatters into small pieces.
There is a stone staircase leading up here.
You start resting.
A sixfirhy comes into view.
Magic restored.
You fly upwards.
Reactivating autopickup.
There is a stone staircase leading down here.
Valaderp is no longer weakened.
Ancestor HP restored.
There is a staircase leading out of the dungeon here.
Valaderp is no longer moving quickly.
You have escaped!

...#............##..........##.##
..#.......##....##....##....>#..#
....(.....##..........##........#
.....##.........................#
.....##...................##..).#
..........................##...##
...[...........................#
...##...........>..............#
...##...........@R.........##..#
...........................##..#
...............................#
....##.........................#
#...##...................##....#
#....[...................##....#
#.......##..........##.........#
###.....##....##....##.........##
# ##.......!..##............#.###


You could see the friendly Valaderp the hexer.

Vanquished Creatures
  the Royal Jelly (Slime:5)
  2 dread liches (Zot:5)
  An ancient lich (Zot:5)
  2 Killer Klowns (Zot:5)
  Vashnia (Snake:2)
  A curse toe (Crypt:3)
  5 golden dragons
  2 bone dragons
  11 tentacled monstrosities
  15 Orb Guardians
  Asterion (Depths:2)
  2 deep elf blademasters (Elf:3)
  2 liches
  18 acid blobs
  4 quicksilver dragons
  2 deep elf master archers (Elf:3)
  5 death cobs
  11 ancient champions
  3 sphinxes
  A thorn hunter (Swamp:3)
  Gastronok (D:8)
  5 tengu reavers
  Agnes (Snake:4)
  3 shadow dragons
  10 rockslimes
  5 draconian monks
  9 azure jellies
  10 fire giants
  3 draconian knights
  A revenant (Crypt:2)
  6 storm dragons
  3 deep elf sorcerers (Elf:3)
  2 nagarajas
  Louise (Snake:4)
  3 imperial myrmidons (Desolation)
  An iron dragon (Depths:2)
  4 frost giants
  Aizul (Snake:2)
  3 draconian stormcallers
  6 draconian shifters
  10 vault wardens
  A caustic shrike zombie (Crypt:3)
  3 draconian scorchers
  3 spriggan defenders (Depths:3)
  14 ghouls
  14 very ugly things
  A war gargoyle (Vaults:3)
  4 draconian annihilators
  An orc warlord (Orc:2)
  2 deep elf elementalists (Elf:3)
  13 ironbound preservers
  11 stone giants
  5 vampire knights
  4 quicksilver oozes
  11 ironbound thunderhulks
  3 eleionomae
  A juggernaut skeleton (Depths:3)
  A caustic shrike skeleton (Crypt:2)
  A rockslime zombie (Crypt:1)
  5 bunyips
  11 yellow draconians
  4 black draconians
  A halazid warlock (Desolation)
  3 deep elf demonologists (Elf:3)
  6 green draconians
  10 deep elf annihilators
  11 purple draconians
  A minotaur (Gauntlet)
  8 dire elephants
  7 white draconians
  6 red draconians
  An orange crystal statue (WizLab)
  5 eidola
  A blizzard demon (Depths:2)
  2 mummy priests (Crypt:3)
  A crystal guardian (Desolation)
  Josephine (D:15)
  9 fire dragons
  2 deep elf death magi
  3 ragged hierophants (Desolation)
  An entropy weaver (Vaults:3)
  5 great orbs of eyes
  3 deep elf high priests (Elf:3)
  2 shambling mangroves
  6 ettins
  A rakshasa (Depths:3)
  Harold (Lair:2)
  17 jiangshi
  6 servants of whispers
  8 yaktaur captains
  A caustic shrike simulacrum (Crypt:3)
  An Orb Guardian zombie (Crypt:2)
  8 vault guards
  7 hydras
  2 ogre magi
  7 ice dragons
  4 ghost crabs
  4 peacekeepers
  2 catoblepae
  5 spriggan air magi
  2 death knights
  7 centaur warriors
  10 alligators
  11 anacondas
  4 boulder beetles
  6 ironbound frosthearts
  2 death yaks (Lair:5)
  A tengu warrior (Depths:1)
  12 two-headed ogres
  5 deep troll earth magi
  13 naga warriors
  7 deep troll shamans
  26 dancing weapons
  3 shock serpents
  4 vampire magi
  15 naga sharpshooters
  2 soul eaters
  10 spriggan berserkers
  3 skysharks
  4 orc high priests
  28 skeletal warriors
  14 deep elf knights
  A shadow wraith (Crypt:3)
  A spectral death yak (Lair:5)
  A spark wasp zombie (Crypt:2)
  A death drake (Swamp:4)
  A spectral anaconda (Lair:5)
  2 spriggan druids
  4 glowing orange brains
  6 iron trolls
  A sea snake (shapeshifter) (Vaults:3)
  A storm dragon skeleton (Crypt:2)
  A golden dragon zombie (Depths:3)
  5 salamander mystics (Snake:4)
  5 flayed ghosts
  46 deep trolls
  2 goliath frogs (Swamp:3)
  2 swamp dragons
  A spectral hydra (Swamp:4)
  15 deep elf archers
  5 naga ritualists
  17 deep elf zephyrmancers
  9 wizards
  11 necromancers
  An obsidian statue (Lair:5)
  14 harpies
  10 bog bodies
  14 ironbound convokers
  9 phantasmal warriors
  A golden dragon skeleton (Crypt:3)
  Pikel (D:6)
  32 deep elf pyromancers
  2 will-o-the-wisps
  7 orc knights
  A fire giant zombie (Depths:3)
  5 large abominations
  5 lindwurms
  24 ugly things
  5 orc sorcerers
  11 mana vipers
  5 cyclopes
  A manticore (D:12)
  12 elephants
  5 shining eyes
  18 salamanders
  22 moths of wrath
  An elephant (shapeshifter) (Depths:4)
  25 black mambas
  11 vault sentinels
  2 ice statues (D:15)
  15 guardian serpents
  A smoke demon (Gauntlet)
  8 naga magi
  A storm dragon simulacrum (Crypt:3)
  A torpor snail (Lair:3)
  3 unseen horrors
  An eye of devastation (Slime:5)
  Maggie (D:7)
  7 cane toads
  5 swamp worm zombies (Swamp:4)
  A hellion (Gauntlet)
  3 rime drakes
  A kobold demonologist (D:13)
  33 yaktaurs
  4 tengu conjurers
  2 efreet (D:13)
  7 komodo dragons
  A tormentor (D:11)
  3 guardian mummies (Crypt:3)
  3 meliai (D:14)
  A harpy zombie (Crypt:3)
  11 trolls
  A bloated husk (Swamp:4)
  5 hydra zombies
  A troll (shapeshifter) (Depths:4)
  5 polar bears
  An iron troll skeleton (Crypt:3)
  A death drake skeleton (Crypt:2)
  A raiju (Gauntlet)
  30 saltlings
  11 tyrant leeches
  24 hornets
  15 blink frogs
  A spectral swamp dragon (Swamp:4)
  84 slime creatures
  A fire dragon skeleton (Crypt:1)
  3 water elementals
  4 air elementals (Elf:1)
  3 alligator zombies (Swamp:4)
  A jumping spider (Vaults:3)
  5 wyverns
  24 spriggans
  A shadow (D:11)
  8 wraiths
  8 flying skulls
  A culicivora (shapeshifter) (D:15)
  A vampire (D:12)
  An ushabti (Crypt:3)
  35 yaks
  3 golden eyes
  A yak (shapeshifter) (Elf:1)
  2 fire elementals (Elf:1)
  18 humans (D:13)
  2 chaos spawn (Depths:4)
  2 basilisks
  3 steam dragons
  A death yak simulacrum (Lair:5)
  3 wargs
  26 nagas
  15 vampire mosquitoes
  10 swamp worms
  Duvessa (D:7)
  4 acid dragons
  A floating eye (Slime:2)
  A glowing shapeshifter skeleton (Depths:3)
  19 water moccasins
  4 swamp drakes
  26 orc warriors
  4 hexers
  A hornet zombie (Crypt:3)
  A sky beast (D:7)
  A black bear (D:6)
  3 elephant zombies (Lair:5)
  9 wolves
  2 swamp dragon zombies (Swamp:4)
  9 ogres
  14 centaurs
  A snapping turtle skeleton (Crypt:3)
  3 elephant skeletons
  5 phantoms (Swamp:4)
  A kobold brigand (D:9)
  4 bullfrogs
  A necrophage (Crypt:2)
  A gnoll sergeant (D:9)
  4 scorpions
  7 earth elementals
  9 wights
  Dowan (D:7)
  A salamander skeleton (Crypt:1)
  An elephant simulacrum (Lair:5)
  A water moccasin skeleton (Crypt:3)
  5 killer bees (D:10)
  A polar bear skeleton (Crypt:1)
  A bullfrog zombie (Crypt:3)
  A hound (D:6)
  A jelly (D:7)
  A gnoll bouda (D:7)
  21 orc priests
  Natasha (thrice) (D:2)
  A human skeleton (Crypt:1)
  3 iguanas
  A scorpion zombie (Crypt:2)
  22 orc wizards
  A boggart zombie (Crypt:1)
  6 hell rats (Lair:5)
  6 small abominations (Depths:4)
  A boggart simulacrum (D:14)
  A howler monkey skeleton (Crypt:2)
  5 adders
  6 gnolls
  A shadow imp (D:6)
  2 white imps (D:7)
  An ufetubus (D:4)
  A worm (shapeshifter) (D:13)
  2 dart slugs
  62 orcs
  7 endoplasms
  4 giant cockroaches
  5 goblins
  6 hobgoblins
  6 jackals
  9 kobolds
  2 quokkas
  11 ball pythons
  8 bats
  4 frilled lizards
  A frilled lizard zombie (Crypt:3)
  6 rats
1871 creatures vanquished.

Vanquished Creatures (collateral kills)
  Mara (Snake:3)
  An orb of fire (Zot:5)
  Frederick (Depths:3)
  Bai Suzhen (Depths:2)
  2 golden dragons
  the Enchantress (Depths:3)
  A profane servitor (Crypt:3)
  An electric golem (Zot:5)
  2 Ice Fiends
  4 tentacled monstrosities
  8 Orb Guardians (Zot:5)
  A deep elf blademaster (Elf:2)
  Grunn (Depths:2)
  An Executioner (Depths:3)
  7 acid blobs
  A death cob (Zot:2)
  A sphinx (Vaults:4)
  A thorn hunter (Swamp:4)
  Frances (Swamp:2)
  A shadow dragon (Zot:2)
  2 revenants
  3 storm dragons
  An azure jelly (Slime:1)
  3 rockslimes
  2 nagarajas
  2 draconian scorchers
  A draconian knight (Depths:4)
  2 fire giants
  A draconian stormcaller (Zot:1)
  A deep elf sorcerer (Elf:3)
  A ghost moth (Zot:5)
  2 ironbound preservers
  A reaper (Crypt:2)
  3 draconian shifters (Zot:3)
  An orc warlord (Orc:1)
  5 quicksilver oozes
  2 draconian annihilators
  2 spriggan defenders (Depths:3)
  6 very ugly things
  2 stone giants (Depths:3)
  A vampire knight (Crypt:3)
  2 green draconians
  3 dire elephants
  3 black draconians
  2 deep elf annihilators (Elf:3)
  An eleionoma (Swamp:4)
  3 purple draconians
  2 red draconians
  2 yellow draconians
  4 bunyips
  2 fire dragons
  3 eidola
  3 jiangshi
  2 deep elf death magi (Elf:3)
  A deep elf high priest (Elf:3)
  2 crystal guardians
  2 great orbs of eyes
  A shambling mangrove (Swamp:1)
  2 yaktaur captains (Vaults:4)
  2 ice dragons (Depths:1)
  A vault guard (Vaults:1)
  A catoblepas (D:9)
  3 peacekeepers (Desolation)
  A servant of whispers (Desolation)
  A hell beast (Depths:2)
  3 spriggan air magi
  An ironbound frostheart (Vaults:2)
  An anaconda (Snake:1)
  3 two-headed ogres
  3 alligators
  A death knight (Vaults:2)
  7 dancing weapons
  A deep troll shaman (Depths:2)
  2 deep troll earth magi
  A titan zombie (Crypt:3)
  A tengu warrior (Depths:3)
  2 orc high priests (Orc:2)
  2 naga sharpshooters
  A hell hog (Depths:2)
  A spriggan berserker (Depths:4)
  A shock serpent (Snake:4)
  3 deep elf knights
  A sun demon (Zot:1)
  2 shadow wraiths
  A goliath frog (Swamp:1)
  A flayed ghost (Crypt:3)
  4 skeletal warriors
  A glowing orange brain (Slime:2)
  A deep troll (shapeshifter) (Elf:3)
  3 spriggan druids
  2 bog bodies
  15 deep trolls
  4 ironbound convokers
  2 harpies
  A necromancer (Elf:3)
  2 wizards (Vaults:4)
  5 phantasmal warriors
  An orc sorcerer (Orc:2)
  2 wolf spider zombies
  A spectral hydra (Swamp:4)
  2 deep elf pyromancers
  4 ugly things
  2 deep elf zephyrmancers
  A mana viper (Snake:3)
  2 elephants
  A jorogumo zombie (Crypt:3)
  4 shining eyes
  2 salamanders (Snake:4)
  2 cyclopes
  3 moths of wrath
  2 naga magi
  A guardian serpent (shapeshifter) (Elf:1)
  2 vault sentinels
  A smoke demon (D:6)
  4 guardian serpents
  9 black mambas
  A cane toad (Lair:5)
  7 yaktaurs
  A hellion (Zot:3)
  An unseen horror (Depths:4)
  A swamp worm zombie (Swamp:4)
  A rime drake (Lair:2)
  A komodo dragon (D:9)
  A guardian mummy (Crypt:3)
  3 hornets
  14 saltlings (Desolation)
  A polar bear (shapeshifter) (Depths:3)
  A tyrant leech (Swamp:3)
  A dream sheep (shapeshifter) (Depths:1)
  A dream sheep (Lair:4)
  5 blink frogs
  2 spectral swamp dragons (Swamp:4)
  A snapping turtle (shapeshifter) (Elf:1)
  An alligator zombie (Swamp:4)
  39 slime creatures
  An air elemental (Elf:3)
  3 spriggans
  A flying skull (Crypt:1)
  2 water elementals
  2 wraiths
  4 yaks
  3 fire elementals
  A human (D:13)
  An ushabti (Crypt:3)
  6 vampire mosquitoes
  A golden eye (Slime:2)
  A redback (Vaults:3)
  3 large abominations (Elf:3)
  4 nagas
  3 swamp worms
  3 water moccasins
  A floating eye (Slime:2)
  7 orc warriors
  A swamp drake (Swamp:1)
  An ogre (shapeshifter) (Depths:4)
  A swamp dragon zombie (Swamp:4)
  A wolf (Lair:3)
  3 centaurs
  2 elephant skeletons (Lair:5)
  A phantom (Swamp:4)
  A kobold brigand (D:10)
  A bullfrog (Lair:4)
  2 small abominations (Depths:4)
  A howler monkey (D:14)
  An electric eel (D:13)
  3 spectral swamp drakes (Swamp:4)
  A white imp (D:8)
  14 orcs
  A kobold (D:10)
  2 butterflies (Lair:5)
423 creatures vanquished.

Vanquished Creatures (others)
  A golden dragon (Zot:1)
  A moth of wrath (Zot:3)
  4 bloated husks
  2 phantoms (Swamp:4)
  An electric eel (D:13)
  55 hexers
  A briar patch (Swamp:4)
  2 demonic plants (Gauntlet)
  10 foxfires
  9 fungi
  72 plants
  28 withered plants
186 creatures vanquished.

Grand Total: 2480 creatures vanquished

Notes
Turn   | Place    | Note
-------+----------+-------------------------------------------
     0 | D:1      | iguanaiguana the Mummy Reaver began the quest for the Orb.
     0 | D:1      | Reached XP level 1. HP: 16/16 MP: 4/4
   127 | D:1      | Reached XP level 2. HP: 21/22 MP: 5/5
   343 | D:1      | Reached skill level 1 in Stealth
   520 | D:1      | Gained mutation: You are in touch with the powers of death.
                  | [Mummy growth]
   520 | D:1      | Reached XP level 3. HP: 27/27 MP: 7/7
   708 | D:1      | Found Ditir's Distillery.
  1524 | D:2      | Noticed Natasha
  1540 | D:2      | Killed Natasha
  1541 | D:2      | Reached XP level 4. HP: 24/34 MP: 8/8
  1545 | D:2      | Found a faded altar of an unknown god.
  1706 | D:2      | Noticed Natasha
  1730 | D:2      | Killed Natasha
  2052 | D:2      | Noticed Natasha
  2074 | D:2      | Killed Natasha
  2075 | D:2      | Reached XP level 5. HP: 29/42 MP: 9/9
  2229 | D:2      | Found a faded altar of an unknown god.
  3304 | D:4      | Reached skill level 1 in Short Blades
  3883 | D:5      | Entered Level 5 of the Dungeon
  4073 | D:5      | Reached XP level 6. HP: 40/48 MP: 8/10
  5091 | D:6      | Reached XP level 7. HP: 44/54 MP: 8/11
  5303 | D:6      | Reached skill level 5 in Polearms
  5354 | D:6      | Found a bloodstained altar of Trog.
  5354 | D:6      | Found a hazy altar of Hepliaklqana.
  5373 | D:6      | Became a worshipper of Hepliaklqana the Forgotten
  5595 | D:6      | Found Lut Cyff's Antique Weapon Shoppe.
  5727 | D:6      | Found a broken altar of Ashenzari.
  5972 | D:7      | Noticed Duvessa
  5972 | D:7      | Noticed Dowan
  6019 | D:7      | Killed Duvessa
  6020 | D:7      | Reached skill level 2 in Long Blades
  6020 | D:7      | Reached XP level 8. HP: 40/60 MP: 4/12
  6023 | D:7      | Killed Dowan
  6160 | D:7      | Reached skill level 3 in Long Blades
  6164 | D:7      | Noticed a komodo dragon
  6165 | D:7      | Noticed a troll
  6243 | D:7      | Noticed Pikel
  6259 | D:6      | Killed Pikel
  6260 | D:6      | Reached skill level 5 in Long Blades
  6410 | D:7      | Killed a komodo dragon
  6411 | D:7      | Reached skill level 6 in Long Blades
  6411 | D:7      | Reached XP level 9. HP: 65/65 MP: 13/13
  6457 | D:7      | Found a staircase to the Ecumenical Temple.
  6488 | Temple   | Entered the Ecumenical Temple
  6866 | D:7      | Reached skill level 7 in Long Blades
  7029 | D:7      | Killed a troll
  7038 | D:7      | Reached * piety under Hepliaklqana
  7303 | D:7      | Noticed a deep elf pyromancer
  7472 | D:7      | Killed a deep elf pyromancer
  7473 | D:7      | Reached skill level 8 in Long Blades
  7615 | D:8      | Noticed Maggie
  7626 | D:7      | Killed Maggie
  7627 | D:7      | Reached skill level 9 in Long Blades
  7727 | D:8      | Reached skill level 1 in Evocations
  7857 | D:8      | Reached XP level 10. HP: 63/63 MP: 9/14
  8037 | D:8      | Noticed Gastronok
  8049 | D:8      | Killed Gastronok
  8058 | D:8      | Noticed a two-headed ogre
  8077 | D:8      | Killed a two-headed ogre
  8078 | D:8      | Reached skill level 1 in Armour
  8591 | D:9      | Reached ** piety under Hepliaklqana
  8592 | D:9      | Remembered your ancestor Valaderp as a hexer
  8708 | D:9      | Noticed a six-headed hydra
  8712 | D:9      | Killed a six-headed hydra
  8759 | D:9      | Noticed a two-headed ogre
  8766 | D:9      | Killed a two-headed ogre
  8767 | D:9      | Reached skill level 10 in Long Blades
  8767 | D:9      | Reached XP level 11. HP: 69/69 MP: 13/15
  8798 | D:9      | Found a sparkling altar of Nemelex Xobeh.
  8801 | D:9      | Found a shadowy altar of Dithmenos.
  8805 | D:9      | Found an opulent altar of Gozag.
  8805 | D:9      | Found a burning altar of Makhleb.
  8812 | D:9      | Found an iron altar of Okawaru.
  8950 | D:9      | Noticed a catoblepas
  9091 | D:9      | Killed a catoblepas
  9147 | D:9      | Found a staircase to the Lair.
  9364 | D:10     | Entered Level 10 of the Dungeon
  9441 | D:10     | Reached skill level 11 in Long Blades
  9459 | D:10     | Noticed a two-headed ogre
  9462 | D:10     | Found a staircase to the Orcish Mines.
  9467 | D:10     | Killed a two-headed ogre
  9469 | D:10     | Found Xiareb's Armour Boutique.
  9781 | D:10     | Reached *** piety under Hepliaklqana
  9916 | D:10     | Reached skill level 12 in Long Blades
 10366 | Orc:1    | Entered Level 1 of the Orcish Mines
 10366 | Orc:1    | Noticed an ogre mage
 10366 | Orc:1    | Noticed a two-headed ogre
 10366 | Orc:1    | Noticed a two-headed ogre
 10366 | Orc:1    | Noticed a two-headed ogre
 10367 | Orc:1    | Noticed a two-headed ogre
 10368 | Orc:1    | Killed a two-headed ogre
 10371 | Orc:1    | Killed a two-headed ogre
 10378 | Orc:1    | Killed an ogre mage
 10379 | Orc:1    | Killed a two-headed ogre
 10380 | Orc:1    | Killed a two-headed ogre
 10381 | Orc:1    | Reached skill level 13 in Long Blades
 10381 | Orc:1    | Reached XP level 12. HP: 74/74 MP: 11/16
 10384 | Orc:1    | Noticed an orc high priest
 10394 | Orc:1    | Killed an orc high priest
 11100 | D:10     | Bought the +13 chain mail "Ulixeloj" {Contam rElec Int+4}
                  | for 1035 gold pieces
 11241 | D:11     | Noticed a two-headed ogre
 11246 | D:11     | Killed a two-headed ogre
 11371 | D:11     | Noticed a two-headed ogre
 11379 | D:11     | Killed a two-headed ogre
 11380 | D:11     | Reached skill level 5 in Fighting
 11518 | D:11     | Reached **** piety under Hepliaklqana
 11668 | Lair:1   | Entered Level 1 of the Lair of Beasts
 12048 | Lair:1   | Noticed a catoblepas
 12057 | Lair:1   | Reached skill level 1 in Throwing
 12060 | Lair:1   | Killed a catoblepas
 12112 | Lair:1   | Reached skill level 5 in Armour
 12856 | Lair:2   | Noticed Harold
 12980 | Lair:2   | Reached ***** piety under Hepliaklqana
 13014 | Lair:2   | Gained mutation: You are strongly in touch with the powers
                  | of death. [Mummy growth]
 13014 | Lair:2   | Reached XP level 13. HP: 85/85 MP: 15/17
 13299 | Lair:2   | Killed Harold
 13725 | Lair:2   | Reached skill level 1 in Invocations
 14043 | Lair:3   | Found a staircase to the Snake Pit.
 14367 | Lair:3   | Found a runed translucent door.
 14546 | Lair:3   | Found a staircase to the Swamp.
 14794 | Lair:3   | Reached skill level 5 in Throwing
 14900 | Lair:4   | Found a viscous altar of Jiyva.
 14900 | Lair:4   | Found a staircase to the Slime Pits.
 15198 | Lair:4   | Reached skill level 5 in Invocations
 15754 | Lair:5   | Entered Level 5 of the Lair of Beasts
 15767 | Lair:5   | Reached ****** piety under Hepliaklqana
 15941 | Lair:5   | Reached XP level 14. HP: 90/94 MP: 16/19
 16924 | Lair:5   | Reached skill level 10 in Invocations
 17130 | Lair:5   | Identified the amulet "Jiasiro" {RegenMP rF+ Will+}
 18741 | D:13     | Reached skill level 5 in Evocations
 18958 | D:13     | Found a gate to the Vaults.
 19165 | D:13     | Reached XP level 15. HP: 99/101 MP: 22/22
 19400 | Orc:2    | Entered Level 2 of the Orcish Mines
 20064 | Orc:2    | Found a staircase to the Elven Halls.
 20147 | Orc:2    | Found Zidworio's Weapon Shop.
 20239 | Orc:2    | Found Qaff's General Store.
 20245 | Orc:2    | Found Xereynnaroi's Distillery.
 20247 | Orc:2    | Found Catoiqa Usal's Magic Scroll Shop.
 20656 | Orc:2    | Bought a scroll of blinking for 90 gold pieces
 20656 | Orc:2    | Bought a scroll of enchant armour for 90 gold pieces
 20666 | Orc:2    | Bought a scroll of vulnerability for 56 gold pieces
 20666 | Orc:2    | Bought a scroll of enchant armour for 105 gold pieces
 20666 | Orc:2    | Bought a wand of digging (5) for 294 gold pieces
 20974 | D:14     | Reached skill level 10 in Fighting
 21932 | D:15     | Entered Level 15 of the Dungeon
 22012 | D:15     | Found Unliodio's Magic Scroll Shoppe.
 22032 | D:15     | Bought a scroll of blinking for 105 gold pieces
 22032 | D:15     | Bought a scroll of teleportation for 42 gold pieces
 22032 | D:15     | Bought a scroll of magic mapping for 105 gold pieces
 22032 | D:15     | Bought a scroll of poison for 56 gold pieces
 22036 | D:15     | Found a gate leading to a gauntlet.
 22041 | Gauntlet | Entered a Gauntlet
 22041 | Gauntlet | Found a transporter.
 22048 | Gauntlet | Found a transporter.
 22050 | Gauntlet | Found a transporter.
 22061 | Gauntlet | Found a transporter.
 22064 | Gauntlet | Found a transporter.
 22071 | Gauntlet | Found a transporter.
 22086 | Gauntlet | Found a runed translucent door.
 22087 | Gauntlet | Found a transporter.
 22088 | Gauntlet | Found a runed translucent door.
 22098 | Gauntlet | Found a transporter.
 22110 | Gauntlet | Found a transporter.
 22115 | Gauntlet | Found a transporter.
 22115 | Gauntlet | Found a transporter.
 22143 | Gauntlet | Found a transporter.
 22145 | Gauntlet | Found a transporter.
 22195 | Gauntlet | Found a transporter.
 22623 | D:15     | Found a frozen archway.
 23027 | D:15     | Noticed Josephine
 23048 | D:15     | Killed Josephine
 23524 | D:15     | Found a staircase to the Depths.
 24308 | Snake:1  | Entered Level 1 of the Snake Pit
 24379 | Snake:1  | Found Atraq's General Store.
 24381 | Snake:1  | Found Qotz's General Store.
 24381 | Snake:1  | Found Bifa's Armour Emporium.
 24386 | Snake:1  | Bought a scroll of blinking for 142 gold pieces
 24386 | Snake:1  | Found Cahae's Antique Weapon Shoppe.
 24596 | Snake:1  | Reached XP level 16. HP: 102/111 MP: 23/23
 25041 | Snake:2  | Noticed Aizul
 25061 | Snake:2  | Killed Aizul
 25077 | Snake:2  | Noticed Azrael
 25275 | Snake:2  | Identified the +11 spear "Gatoegh" {speed, rElec rC-
                  | Stlth+}
 25279 | Snake:2  | You are sucked into a shaft and drop 1 floor!
 25319 | Snake:3  | Identified a scroll of acquirement
 25483 | Snake:3  | Found Liuqaumm's General Store.
 26033 | Snake:3  | Noticed Mara
 26043 | Snake:3  | Noticed iguanaiguana's illusion
 26051 | Snake:3  | Killed Mara
 26152 | Snake:3  | Acquired the ring of Jebbonal {rElec EV+5 Dex+3}
 26237 | Snake:2  | Noticed Vashnia
 26467 | Swamp:1  | Entered Level 1 of the Swamp
 26512 | Lair:3   | Reached skill level 10 in Armour
 26818 | Swamp:1  | Reached skill level 10 in Throwing
 27112 | Swamp:1  | You are sucked into a shaft and drop 1 floor!
 27147 | Swamp:2  | Noticed a tentacled monstrosity
 27168 | Swamp:2  | Killed a tentacled monstrosity
 27680 | Swamp:2  | Noticed Frances
 27691 | Swamp:2  | Killed Frances
 27712 | Swamp:2  | Reached XP level 17. HP: 119/119 MP: 24/24
 28424 | Snake:1  | Bought the +2 hood of the Assassin {Detect Stab+ Stlth++}
                  | for 780 gold pieces
 28424 | Snake:1  | Found the +2 hood of the Assassin {Detect Stab+ Stlth++}
 29337 | Swamp:4  | Entered Level 4 of the Swamp
 29337 | Swamp:4  | Noticed a tentacled monstrosity
 29348 | Swamp:3  | Killed a tentacled monstrosity
 30288 | Swamp:4  | Noticed a bone dragon
 30384 | Swamp:4  | Killed a bone dragon
 30760 | Swamp:4  | Got a decaying rune of Zot
 31054 | Elf:1    | Entered Level 1 of the Elven Halls
 31241 | Elf:1    | Reached skill level 15 in Fighting
 31375 | Elf:1    | Reached XP level 18. HP: 121/134 MP: 25/25
 31729 | Elf:1    | Identified the +5 scimitar "Wuesae" {flame, *Noise Str+2
                  | Int+3 Stlth+}
 31789 | Elf:1    | Paralysed by an air elemental for 1 turns
 31896 | Elf:1    | Reached skill level 1 in Shields
 32071 | Elf:1    | Paralysed by an air elemental for 1 turns
 32121 | Elf:1    | Found a bloodstained altar of Trog.
 32307 | Elf:1    | Identified Roxanne's Textbook on Shapeshifting
 32307 | Elf:1    | Noticed Roxanne
 32641 | Elf:2    | Reached skill level 5 in Shields
 32745 | Elf:2    | Found a crumbling gateway.
 32766 | Desolati | Entered the Desolation of Salt
 33772 | Desolati | Identified the ring "Sekooq" {Wiz MP+9 SInv}
 33839 | Desolati | Identified the amulet "Voazixe" {Reflect Str+4 SH+5}
 33841 | Desolati | Identified the +8 war axe of the Nurturing Gods {heavy,
                  | Fly}
 34193 | Desolati | Identified the +1 mace of Ugriur {freeze, rElec Stlth+}
 34316 | Desolati | Identified the +1 rapier of Due Proportion {elec, *Slow
                  | Str+4 Dex+3}
 34446 | Elf:2    | Found a huge runed translucent gate.
 34446 | Elf:2    | Found a huge runed translucent gate.
 34446 | Elf:2    | Found a huge runed translucent gate.
 34446 | Elf:2    | Found a huge runed translucent gate.
 34446 | Elf:2    | Found a huge runed translucent gate.
 34987 | Elf:2    | Reached XP level 19. HP: 140/140 MP: 26/26
 35141 | Elf:2    | Reached skill level 10 in Shields
 35869 | Snake:2  | Killed Vashnia
 36284 | Snake:4  | Entered Level 4 of the Snake Pit
 36889 | Snake:4  | Noticed Agnes
 36892 | Snake:4  | Killed Agnes
 37024 | Snake:4  | Noticed Louise
 37030 | Snake:4  | Killed Louise
 37179 | Snake:4  | Got a serpentine rune of Zot
 37841 | Elf:3    | Entered Level 3 of the Elven Halls
 37936 | Elf:3    | Got the Anthology of Open Graves
 38004 | Elf:3    | Reached skill level 1 in Necromancy
 38442 | Elf:3    | Reached XP level 20. HP: 150/150 MP: 27/27
 38557 | Elf:3    | Reached skill level 5 in Necromancy
 38729 | Elf:3    | Reached skill level 5 in Spellcasting
 38800 | Elf:3    | Identified the amulet of Existentialism {Spirit Harm
                  | Fragile rPois Dex+3}
 38842 | Elf:3    | Identified the ring "Libb" {Will++ Str+6}
 38959 | Elf:3    | Identified the +1 plate armour "Jeahuval" {Rampage rPois
                  | Int-4 SInv}
 38965 | Elf:3    | Got Nougib's Volume of the Petrous Tropics
 38971 | Elf:3    | Identified the +8 longbow "Wuetu" {heavy, rF+ rCorr}
 39024 | Elf:3    | Reached skill level 14 in Long Blades
 39089 | Elf:3    | Identified the ring "Muetruon" {Str+3 Dex+6}
 39367 | Vaults:1 | Entered Level 1 of the Vaults
 40045 | Vaults:1 | Reached skill level 15 in Long Blades
 40510 | Vaults:1 | Got the Anthology of Graupel and the Boggart
 40699 | Vaults:1 | Found Xuwnur's Distillery.
 40904 | Vaults:2 | Reached skill level 1 in Earth Magic
 41657 | Vaults:2 | Reached XP level 21. HP: 155/155 MP: 29/29
 42014 | Vaults:2 | Found a staircase to the Crypt.
 42278 | Vaults:2 | Learned a level 5 spell: Borgnjor's Vile Clutch
 42333 | Vaults:3 | Reached skill level 5 in Earth Magic
 43031 | Vaults:3 | Found Fucol's Assorted Antiques.
 43527 | Vaults:4 | Found Engesaq's Armour Boutique.
 43537 | Vaults:4 | Reached skill level 10 in Necromancy
 43575 | Vaults:4 | Found a magical portal.
 43674 | WizLab   | Entered Wucad Mu's Monastery
 43767 | WizLab   | Found the +9 staff of Wucad Mu {*channel}
 44259 | Vaults:4 | Found Xiofarr's Assorted Antiques.
 44587 | Vaults:4 | Reached skill level 10 in Spellcasting
 45034 | Vaults:4 | Found Ecymes's Magic Scroll Shoppe.
 45124 | Vaults:4 | Bought a scroll of magic mapping for 142 gold pieces
 45124 | Vaults:4 | Bought a scroll of fear for 76 gold pieces
 45124 | Vaults:4 | Bought a scroll of fear for 76 gold pieces
 45511 | Crypt:1  | Entered Level 1 of the Crypt
 45540 | Crypt:1  | Reached skill level 15 in Spellcasting
 45949 | Crypt:1  | Reached XP level 22. HP: 159/162 MP: 41/41
 47451 | Crypt:2  | Found a large runed translucent door.
 47451 | Crypt:2  | Found a large runed translucent door.
 47453 | Crypt:2  | Noticed Zivuv's ghost (veteran FoFi)
 48156 | Crypt:2  | Learned a level 6 spell: Death Channel
 48161 | Crypt:2  | Learned a level 4 spell: Anguish
 48164 | Crypt:2  | Learned a level 2 spell: Cigotuvi's Dreadful Rot
 48167 | Crypt:2  | Learned a level 2 spell: Passwall
 48173 | Crypt:2  | Learned a level 5 spell: Lee's Rapid Deconstruction
 48176 | Crypt:2  | Learned a level 2 spell: Blink
 48197 | Crypt:3  | Entered Level 3 of the Crypt
 48210 | Crypt:3  | Found a staircase to the Tomb.
 49961 | Crypt:3  | Noticed a curse toe
 49978 | Crypt:3  | Killed a curse toe
 49979 | Crypt:3  | Reached skill level 15 in Necromancy
 50120 | Crypt:3  | Found an ancient bone altar of Kikubaaqudgha.
 50124 | Crypt:3  | Found a basalt altar of Yredelemnul.
 50175 | Crypt:3  | Got Kikubaaqudgha's Book of Debased Deeds
 50650 | Snake:1  | Bought a scroll of blinking for 112 gold pieces
 50913 | Orc:2    | Bought a scroll of magic mapping for 90 gold pieces
 50913 | Orc:2    | Bought a scroll of magic mapping for 90 gold pieces
 51172 | Snake:1  | Bought the ring of Linearity {rCorr Dex+4} for 672 gold
                  | pieces
 51260 | Slime:1  | Entered Level 1 of the Pits of Slime
 51906 | Slime:1  | Reached XP level 23. HP: 167/167 MP: 43/43
 53289 | Slime:2  | Paralysed by a floating eye for 3 turns
 54050 | Depths:1 | Entered Level 1 of the Depths
 54050 | Depths:1 | Found a gateway to Hell.
 54170 | Depths:1 | Found Lemacust's Book Boutique.
 54175 | Depths:1 | Found Ubyumun's Jewellery Emporium.
 54176 | Depths:1 | Found Caat's Book Boutique.
 54185 | Depths:1 | Bought a book of Debilitation for 360 gold pieces
 54193 | Depths:1 | Learned a level 3 spell: Vampiric Draining
 54255 | Depths:1 | Reached skill level 10 in Earth Magic
 54541 | Depths:1 | Identified the +5 hand axe "Hydrabane" {flame, rElec rN+
                  | Will+ Stlth-}
 54544 | Depths:1 | Identified the +8 hand axe of Wycrixer {protect, Dex+3}
 54545 | Depths:1 | Identified the +6 hand axe of Courage {heavy, +Blink Fly
                  | rN+ Will++}
 55006 | Depths:1 | Found Cavum's Assorted Antiques.
 55623 | Depths:2 | Noticed Bai Suzhen
 55638 | Depths:2 | Killed Bai Suzhen
 55813 | Depths:2 | Found a portal to a secret trove of treasure.
 56851 | Depths:2 | You paid a toll of a +8 demon blade to enter a treasure
                  | trove
 56852 | Trove    | Entered a treasure trove
 56854 | Trove    | Identified the +0 kite shield "Cofuer" {rC+}
 56858 | Trove    | Identified the +1 hat of the Mackerel {rN+}
 56861 | Trove    | Identified the amulet of Ahyupsuli {RegenMP rPois rF-
                  | Str+4}
 56865 | Trove    | Identified the amulet of Jaihu {Acrobat Will+ Dex+6}
 56867 | Trove    | Identified the +7 tower shield of List {Will+}
 56875 | Trove    | Identified the ring of the Invisible Knives {rF+ Str+6
                  | Int+2 Dex+4}
 56882 | Trove    | Identified the ring "Negyujit" {AC+4 Str-4 Int+4 Dex+4}
 56894 | Trove    | Identified the ring of Tempters {Fly rElec MP+9 Stlth+}
 56901 | Trove    | Identified the ring "Soxor" {Ice rElec Str+4 Int-4}
 56907 | Trove    | Identified the ring of Ephemeral Luck {Drain rPois Str+9
                  | Dex-2 SInv}
 56914 | Trove    | Identified the ring of the Falcon {rC+ rN+}
 57488 | Depths:2 | Noticed Asterion
 57497 | Depths:2 | Killed Asterion
 57505 | Depths:2 | Noticed Grunn
 57513 | Depths:2 | Killed Grunn
 57906 | Vaults:4 | Bought a scroll of enchant weapon for 142 gold pieces
 58155 | Orc:2    | Bought a scroll of enchant weapon for 90 gold pieces
 58155 | Orc:2    | Bought a scroll of enchant weapon for 90 gold pieces
 58155 | Orc:2    | Bought a scroll of enchant weapon for 90 gold pieces
 59031 | Depths:2 | Found a one-way gate leading to the halls of Pandemonium.
 59579 | Depths:3 | Noticed the Enchantress
 59592 | Depths:3 | Killed the Enchantress
 59821 | Depths:3 | Identified the +2 shortbow "Vusualype" {drain, Str+4}
 59982 | Depths:3 | Reached XP level 24. HP: 135/173 MP: 27/43
 60479 | Depths:3 | Found a one-way gate to the infinite horrors of the Abyss.
 60511 | Depths:3 | Noticed Frederick
 60521 | Depths:3 | Killed Frederick
 60619 | Depths:3 | Found Seacsiad's Antique Armour Shoppe.
 60809 | Depths:3 | Found a one-way gateway to a ziggurat.
 61002 | Depths:4 | Entered Level 4 of the Depths
 61156 | Depths:4 | Reached skill level 15 in Shields
 61303 | Depths:4 | Found a gate to the Realm of Zot.
 61671 | Depths:4 | Found Hossoucwa's Assorted Antiques.
 62179 | Depths:4 | Found a hazy altar of Hepliaklqana.
 63289 | Slime:5  | Entered Level 5 of the Pits of Slime
 63642 | Slime:4  | Reached skill level 16 in Long Blades
 63814 | Slime:5  | Noticed the Royal Jelly
 63825 | Slime:5  | Killed the Royal Jelly
 63899 | Slime:5  | Identified the +2 cloak of the Tundras {Harm rN+ Stlth+}
 63901 | Slime:5  | Found the +8 arc blade {discharge, rElec}
 63968 | Slime:5  | Identified the +10 war axe of Bloody Death {pain, Str+4
                  | Int+2}
 63991 | Slime:5  | Identified the +1 leather armour of Minor Irritation
                  | {Will+}
 64008 | Slime:5  | Identified the +4 dire flail "Yhan Jal" {protect, rF+
                  | Will+}
 64009 | Slime:5  | Identified the ring of Luil {Fly rPois Will+ Int+6 Dex-4}
 64011 | Slime:5  | Identified the +2 leather armour "Ocolun" {rCorr}
 64035 | Slime:5  | Learned a level 4 spell: Dispel Undead
 64102 | Slime:5  | Identified the +2 leather armour of Ydojaq {rF+}
 64108 | Slime:5  | Got a slimy rune of Zot
 64712 | Zot:1    | Entered Level 1 of the Realm of Zot
 64753 | Zot:1    | Reached skill level 17 in Long Blades
 65268 | Zot:1    | Reached XP level 25. HP: 167/180 MP: 19/43
 65498 | Zot:1    | You are sucked into a shaft and drop 1 floor!
 65574 | Zot:2    | Reached skill level 18 in Long Blades
 66660 | Zot:2    | Noticed a shard shrike
 66975 | Zot:3    | Reached skill level 19 in Long Blades
 68056 | Zot:4    | Reached skill level 20 in Long Blades
 68779 | Zot:5    | Entered Level 5 of the Realm of Zot
 68848 | Zot:5    | Noticed a dread lich
 68857 | Zot:5    | Killed a dread lich
 68956 | Zot:5    | Found a runed translucent door.
 68956 | Zot:5    | Found a shimmering altar of Xom.
 68956 | Zot:5    | Noticed Wefy's ghost (legendary GnIE)
 69327 | Zot:5    | Noticed a Killer Klown
 69331 | Zot:5    | Noticed a dread lich
 69339 | Zot:5    | Killed a Killer Klown
 69351 | Zot:5    | Killed a dread lich
 69431 | Zot:5    | Reached XP level 26. HP: 168/186 MP: 43/43
 69445 | Zot:5    | Noticed an ancient lich
 69447 | Zot:5    | Noticed an orb of fire
 69451 | Zot:5    | Killed an ancient lich
 69452 | Zot:5    | Reached skill level 21 in Long Blades
 69461 | Zot:5    | Killed an orb of fire
 69508 | Zot:5    | Reached skill level 5 in Dodging
 69637 | Zot:5    | Got the Orb of Zot
 69639 | Zot:5    | Noticed an orb of fire
 69668 | Zot:5    | Noticed an orb of fire
 69714 | Zot:5    | HP: 3/186 [orb of fire/bolt of fire (8)]
 69731 | Zot:4    | Noticed Qimny the pandemonium lord
 69782 | Zot:3    | Noticed Buclyub the pandemonium lord
 70188 | Depths:1 | Noticed Uhinnu the pandemonium lord
 70262 | D:13     | Noticed Vacili the pandemonium lord
 70620 | D:2      | Noticed Murent the pandemonium lord
 70660 | D:$      | Escaped with the Orb!

Illustrated notes

Levels and vault maps discovered:
D:1:      dpeg_arrival_stonehenge_12_columns, layout_basic, serial_shops,
          nicolae_shop_behind_doors
D:2:      layout_basic, shapermc_ecumenical_altar_flowoftime, uniq_natasha
D:3:      layout_rooms, serial_bayou, serial_bayou_crossing,
          serial_bayou_shore_b, serial_bayou_shore_b, serial_bayou_ford_a,
          hangedman_decor_diamond_cutter, minmay_circle_x
D:4:      layout_rooms
D:5:      layout_loops_corners, kennysheep_generic_room_13
D:6:      layout_basic, amethyst_overflow_temple_binary,
          lemuel_coloured_pillars_altar, serial_shops,
          nicolae_shop_temple_entry_statues_fountains
D:7:      layout_loops_ring, minmay_temple_entry_tees, minmay_shattered_shrine,
          uniq_duvessa, uniq_pikel
D:8:      layout_basic, uniq_maggie, uniq_gastronok
D:9:      layout_roguey, nicolae_overflow_hallway_of_the_gods,
          david_lair_shrubbed, hex_medium, minmay_fractal_squares_gapless_5
D:10:     layout_basic, orc_david_3, kennysheep_generic_room_6
D:11:     layout_cave_pools, minmay_misc_feat_columns
D:12:     layout_basic, nicolae_figureground_sparkle
D:13:     wad_pebble_path, layout_cave_pools, grunt_vaults_entry_tiered,
          serial_bayou, serial_bayou_pond_e, serial_bayou_lagoon_b,
          serial_bayou_pond_b, serial_bayou_pond_e, serial_bayou_shore_b,
          serial_bayou_pond_c
D:14:     layout_layer_cave
D:15:     grunt_enter_depths_hoard, layout_loops_corners, serial_shops,
          nicolae_shop_stone, portal_ice_cave_entry_ice_statue_two,
          hangedman_abyss_or_decor_jellyfish_corner, gauntlet_entry_generic,
          minivault_23, uniq_josephine
Temple:   nicolae_temple_two_arcs
Lair:1:   layout_cave_pods, serial_bayou_shore_b
Lair:2:   layout_cave_pods, infiniplex_staircase_pool_2, grunt_megastairs_4,
          uniq_harold
Lair:3:   layout_regular_city, minmay_swamp_entry_worms,
          guppyfry_snake_entry_island, serial_forest,
          infiniplex_forest_clump_double, infiniplex_forest_lined_3,
          infiniplex_forest_clump_long, infiniplex_forest_corner_1,
          infiniplex_forest_lined_3_way, infiniplex_forest_clump_double,
          pf_torpor_hydra
Lair:4:   beast_lair_carwin_large_4, layout_regular_city, slime_entry_1,
          lemuel_fruit_tree, grunt_megastairs_5
Lair:5:   due_jungle_book, layout_loops_ring, lemuel_fruit_fields
Swamp:1:  layout_basic_swamp, evilmike_swamp_ruin_house_3
Swamp:2:  layout_basic_swamp, infiniplex_staircase_pool, uniq_frances
Swamp:3:  layout_falls_marsh, evilmike_swamp_ruin_rubble_2, swamp_pool5
Swamp:4:  swamp_pestilence, layout_basic_swamp
Snake:1:  layout_cave_shapes, minmay_shoptagon
Snake:2:  layout_misc_corridors, uniq_vashnia, uniq_azrael, uniq_aizul
Snake:3:  layout_misc_corridors, serial_shops, nicolae_shop_crystal, uniq_mara
Snake:4:  snake_pit_salamanders_mu, layout_basic, serial_bayou_pond_d,
          nrook_guardian_serpent_ordinary, uniq_agnes, uniq_louise
Slime:1:  layout_caves
Slime:2:  layout_caves, nicolae_slime_getting_an_eyeful
Slime:3:  cheibrodos_slime_lost_civilization_2, layout_caves,
          nicolae_slime_barrier, nicolae_slime_rock_hall_of_fame
Slime:4:  layout_caves
Slime:5
Orc:1:    layout_caves, mines1_david
Orc:2:    st_orc_elflike, layout_diamond_mine
Elf:1:    minmay_the_grid_octo_tiled_octocenter_mashed
          [minmay_the_grid_octo_fan_narrow, minmay_the_grid_octo_empty,
          minmay_the_grid_octo_horde, minmay_the_grid_octo_77,
          minmay_the_grid_octo_prize_star, minmay_the_grid_square_5x5_minibox,
          minmay_the_grid_square_5x5_minimal, minmay_the_grid_square_5x5_z,
          minmay_the_grid_square_5x5_tri_point], layout_geoelf_grid,
          evilmike_minifort, evilmike_spriggan_trog_shrine, uniq_roxanne
Elf:2:    elven_hall_of_blades_hangedman_alternative [nicolae_blade_bullseye],
          layout_gridlike, portal_desolation_entry_nicolae_nacl
Elf:3:    minmay_elf_hall_furrowed, layout_rooms, minmay_elf_necromancy,
          grunt_megastairs_1
Vaults:1: nicolae_vaults_little_squares_6, v_misc_33, v_rooms_3,
          hangedman_vaults_stream, nicolae_vaults_network_star, v_misc_15,
          grunt_vaults_diagonal, vaults_room_corners, vaults_room_large_hall,
          ontoclasm_vaults_twist, vaults_room_semicircle,
          nicolae_vaults_ring_of_whatevers, dpeg_vaults_monster_row,
          layout_vaults_ring, serial_shops, nicolae_shop_crystal
Vaults:2: nicolae_vaults_little_ls, nicolae_vaults_specimen_jars,
          nicolae_vaults_angled_halls, v_misc_19, v_misc_3,
          vaults_room_semicircle, blue_anna_dwarven_crypt,
          ontoclasm_vaults_ligature, nicolae_vaults_network_quincunx
          [nicolae_vaults_network_quincunx_subvault,
          nicolae_vaults_network_quincunx_subvault,
          nicolae_vaults_network_quincunx_subvault,
          nicolae_vaults_network_quincunx_subvault,
          nicolae_vaults_network_quincunx_subvault], vaults_room_corners,
          nicolae_vaults_mini_display_case, layout_vaults_omnicross
Vaults:3: grunt_vaults_hallway_short, nicolae_vaults_murderbox,
          nicolae_vaults_little_squares_1, nicolae_vaults_ring_of_whatevers,
          v_misc_2, nicolae_vaults_theta, vaults_dpeg_encased_lava,
          grunt_vaults_twisty, vaults_room_corners, v_misc_3,
          hangedman_vaults_locks, layout_vaults_omnibox, serial_shops,
          nicolae_shop_statue_plus
Vaults:4: mu_enter_wizlab_6, nicolae_vaults_ring_of_whatevers, v_misc_18,
          nicolae_vaults_triangles, grunt_vaults_swirl, v_misc_12, v_misc_32,
          vaults_standard_mumra_x, v_misc_16, v_alt_pattern_4, v_alt_pattern_1,
          layout_vaults_omnigrid, serial_shops, nicolae_shop_hallway_plus, shop,
          shop
Crypt:1:  layout_misc_corridors, grunt_megastairs_2
Crypt:2:  layout_regular_city, ebering_ghost_disaster_area, grunt_megastairs_3,
          roderic_lattice_octagonal_star, uniq_margery
Crypt:3:  lightli_unholy_cathedral, layout_chaotic_city, grunt_ministairs_13
Depths:1: layout_gridville, serial_shops, nicolae_square_shop, hell_entry,
          nicolae_kite_square_tiling_large, st_stairs_4, evilmike_butchery,
          minmay_shop_grove
Depths:2: nicolae_cairo_tiling_large, layout_twisted_cross,
          grunt_mini_vestibule, nicolae_hexahallways, rand_demon_pan_entry_7,
          trove_entry_hex_spiral, drop_trap, minmay_microvault, uniq_bai_suzhen,
          uniq_grunn, uniq_asterion
Depths:3: nzn_winding_woodlands_medium [nzn_winding_woodlands_5x5_open_star,
          nzn_winding_woodlands_5x15_lazy_stream,
          nzn_winding_woodlands_5x5_default,
          nzn_winding_woodlands_5x5_perimeter,
          nzn_winding_woodlands_center_garden, nzn_winding_woodlands_5x5_three,
          nzn_winding_woodlands_5x5_closed_star,
          nzn_winding_woodlands_5x15_pockets,
          nzn_winding_woodlands_5x5_checkerboard], layout_long_grid,
          enter_ziggurat_f, serial_shops, shop, infiniplex_staircase_river,
          pf_coc_iceberg, abyss_entry_glasseish, firewood_loft, uniq_frederick,
          uniq_enchantress
Depths:4: grunt_zot_entry_funnels, layout_gridlike, hell_entry,
          nzn_hepliaklqana_mist_gate, minmay_room_of_horrors, serial_shops,
          nicolae_shop_behind_doors
Zot:1:    layout_misc_corridors
Zot:2:    minmay_elemental_castle, layout_twisted_circle, zot_minivault_4
Zot:3:    layout_misc_corridors, st_single_dragon_hoard_3
Zot:4:    layout_gridlike
Zot:5:    layout_misc_corridors, ebering_ghost_xom

Skill      XL: |  1  2  3  4  5  6  7  8  9 10 11 12 13 14 15 16 17 18 19 20 21 22 23 24 25 26 |
---------------+-------------------------------------------------------------------------------+-----
Stealth        | 1 2 |  2.1
Fighting       | 4 6 8 9 10 12 15 16 | 16.8
Short Blades   | 2 |  2.9
Polearms       | 4 6 |  6.1
Long Blades    | 2 6 9 10 13 15 17 20 21 | 21.0
Evocations     | 2 4 5 7 8 |  8.0
Dodging        | 4 7 |  7.5
Armour         | 3 5 6 7 8 10 11 12 | 12.9
Throwing       | 3 6 7 8 11 12 | 12.0
Invocations    | 7 10 | 10.0
Shields        | 9 11 13 16 | 16.0
Necromancy     | 3 7 10 15 17 | 17.9
Spellcasting   | 5 15 16 | 16.6
Earth Magic    | 3 7 8 10 | 10.0
Conjurations   | |  2.5

Action                     |  1- 3 |  4- 6 |  7- 9 | 10-12 | 13-15 | 16-18 | 19-21 | 22-24 | 25-27 || total
---------------------------+-------+-------+-------+-------+-------+-------+-------+-------+-------++-------
  Melee: Spear             |   116 |    29 |       |       |       |       |       |       |       ||   145
         Punch             |     1 |       |       |       |       |       |       |       |       ||     1
         Dagger            |    70 |   257 |       |       |       |       |       |       |       ||   327
         Trident           |       |    24 |    55 |       |       |       |       |       |       ||    79
         Demon blade       |       |       |   111 |   410 |  1339 |  1198 |   602 |   364 |   285 ||  4309
         Double sword      |       |       |       |       |       |       |   781 |   540 |    12 ||  1333
         Scimitar          |       |       |       |       |       |       |       |   122 |       ||   122
  Throw: Throwing net      |       |       |     1 |       |     1 |     2 |       |       |       ||     4
         Dart              |       |       |       |     6 |     2 |     3 |       |       |       ||    11
         Boomerang         |       |       |       |       |    11 |   212 |    16 |       |       ||   239
   Cast: Borgnjor's Vile C |       |       |       |       |       |       |     5 |   251 |   123 ||   379
         Death Channel     |       |       |       |       |       |       |       |    45 |    21 ||    66
         Vampiric Draining |       |       |       |       |       |       |       |     7 |       ||     7
 Invoke: Recall Ancestor   |       |       |     1 |     3 |     3 |     7 |    12 |     6 |    19 ||    51
         Ancestor Identity |       |       |     1 |     1 |       |       |       |       |       ||     2
         Ancestor Life: He |       |       |       |     1 |       |       |       |       |       ||     1
         Idealise          |       |       |       |       |     1 |     6 |     3 |     4 |     7 ||    21
         Transference      |       |       |       |       |       |       |       |       |     1 ||     1
  Evoke: Wand              |       |     1 |     9 |    21 |    14 |    15 |     5 |     2 |     2 ||    69
         Tin of tremorston |       |       |       |       |     1 |     8 |     3 |     4 |     2 ||    18
         Lightning rod     |       |       |       |       |       |     3 |       |       |       ||     3
         Condenser vane    |       |       |       |       |       |     6 |     4 |     6 |     5 ||    21
         Phial of floods   |       |       |       |       |       |     1 |     1 |       |       ||     2
         Phantom mirror    |       |       |       |       |       |     1 |     1 |     2 |     3 ||     7
         Box of beasts     |       |       |       |       |       |       |       |     1 |     1 ||     2
    Use: Scroll            |       |    14 |     3 |     2 |    11 |    14 |     3 |    23 |    17 ||    87
   Stab: Sleeping          |     2 |       |       |       |       |       |       |     1 |       ||     3
         Paralysed         |       |       |     6 |     8 |    40 |    33 |    70 |    58 |     9 ||   224
         Distracted        |       |       |       |     2 |    12 |    18 |    16 |    25 |    13 ||    86
         Confused          |       |       |       |     9 |    15 |    13 |    66 |    55 |    16 ||   174
         Held in net/web   |       |       |       |       |     3 |       |       |       |       ||     3
 Armour: Leather armour    |    27 |       |       |       |       |       |       |       |       ||    27
         Ring mail         |    29 |    26 |    11 |    84 |       |       |       |       |       ||   150
         Chain mail        |       |   195 |    78 |    84 |   777 |   680 |   509 |   550 |   138 ||  3011
  Dodge: Dodged            |   114 |    96 |    52 |   161 |   455 |   447 |   410 |   203 |    57 ||  1995
  Block: Buckler           |       |       |       |       |       |   108 |    15 |       |       ||   123
         Kite shield       |       |       |       |       |       |       |   783 |   421 |       ||  1204
         Tower shield      |       |       |       |       |       |       |       |   505 |   341 ||   846

Table legend: (Time is in decaauts)
 A = Elapsed time spent in this place.
 B = Non-inter-level travel time spent in this place.
 C = Inter-level travel time spent in this place.
 D = Time resting spent in this place.
 E = Time spent auto-exploring this place.
 F = Levels seen in this place.
 G = Mean time per level.
                   A        B        C        D        E       F      G
               +--------+--------+--------+--------+--------+-----+--------+
         Total |  69045 |  59441 |   9604 |   7630 |  36717 |  59 | 1170.3 |
       Dungeon |  18529 |  14522 |   4007 |   1268 |  10122 |  15 | 1235.3 |
        Temple |    118 |    118 |      0 |      0 |    104 |   1 |  118.0 |
          Lair |   6607 |   5221 |   1386 |    408 |   3818 |   5 | 1321.4 |
         Swamp |   3712 |   3494 |    218 |    970 |   1639 |   4 |  928.0 |
     Snake Pit |   4322 |   3566 |    756 |    338 |   2172 |   4 | 1080.5 |
    Slime Pits |   3480 |   3235 |    245 |    980 |   1027 |   5 |  696.0 |
  Orcish Mines |   2602 |   1749 |    853 |    229 |   1163 |   2 | 1301.0 |
   Elven Halls |   4210 |   3786 |    424 |    342 |   2162 |   3 | 1403.3 |
        Vaults |   6196 |   5690 |    506 |    664 |   3811 |   4 | 1549.0 |
         Crypt |   4434 |   4306 |    128 |    618 |   2616 |   3 | 1478.0 |
        Depths |   7468 |   6527 |    941 |    546 |   4752 |   4 | 1867.0 |
           Zot |   4862 |   4729 |    133 |    481 |   2765 |   5 |  972.4 |
         Trove |    178 |    178 |      0 |      0 |    133 |   1 |  178.0 |
        Wizlab |    274 |    274 |      0 |      0 |     44 |   1 |  274.0 |
    Desolation |   1518 |   1518 |      0 |    687 |    108 |   1 | 1518.0 |
      Gauntlet |    527 |    527 |      0 |     99 |    280 |   1 |  527.0 |
               +--------+--------+--------+--------+--------+-----+--------+

Top non-repeatable levels by time:
Depths:2: 2351 daAuts
 Crypt:3: 2047 daAuts
Depths:4: 1978 daAuts
    D:15: 1834 daAuts
     D:7: 1718 daAuts
Vaults:2: 1698 daAuts
    D:10: 1695 daAuts
Vaults:4: 1686 daAuts
Depths:3: 1639 daAuts
   Elf:1: 1628 daAuts
  Lair:3: 1572 daAuts
 Slime:1: 1525 daAuts
Desolation: 1518 daAuts
     D:2: 1501 daAuts
Depths:1: 1499 daAuts
